Map: Deathaura LE

Players

LiquidClem (Clem)

  • Race: Terran Terran
  • Spawn Location: 11:00

Solar - Winner!

  • Race: Zerg Zerg
  • League: Master
  • Spawn Location: 5:00

Event: ASUS ROG Online 2020

VOD

Have the link to the VOD?

Description

Time

  • Played on: Nov. 28, 2020, 8:08 a.m.
  • Length: 20:11

All games in this series

Show
View Real Time Build Order
Export as new Build Order

LiquidClem Terran 

Build Orders: Reaper Expand 

Get SALT Encoding   

  12  0:00  SCV  
  13  0:12  SCV  
  14  0:17  Supply Depot  
  14  0:24  SCV  
  15  0:38  SCV  
  15  0:40  Barracks  
  16  0:44  Refinery  
  16  0:50  SCV  
  17  1:03  SCV  
  18  1:15  SCV  
  19  1:28  Orbital Command, Reaper  
  20  1:39  Command Center  
  20  1:47  Supply Depot  
  20  1:53  SCV  
  21  1:59  Marine  
  22  2:05  SCV  
  23  2:11  Factory  
  23  2:17  SCV  
  23  2:20  Barracks Reactor  
  25  2:30  SCV  
  25  2:42  Command Center, SCV  
  26  2:58  Barracks  
  26  2:59  SCV  
  26  3:00  Orbital Command  
  27  3:08  Barracks Tech Lab  
  27  3:11  Hellion x2  
  31  3:13  SCV  
  32  3:20  Refinery  
  32  3:26  Stimpack, Marine  
  33  3:27  SCV  
  33  3:28  SCV  
  35  3:39  SCV  
  35  3:40  SCV  
  37  3:44  Marine  
  38  3:49  Starport  
  38  3:50  Marine x2  
  38  3:51  SCV  
  38  3:53  Factory Reactor, SCV  
  42  3:58  Supply Depot  
  42  4:01  Orbital Command  
  42  4:02  Marine  
  43  4:06  SCV x2  
  43  4:08  Marine  
  46  4:12  Marine  
  47  4:18  SCV  
  47  4:19  SCV  
  47  4:20  Marine  
  47  4:22  Supply Depot  
  50  4:26  Marine  
  50  4:28  SCV  
  50  4:30  SCV, Marine  
  54  4:31  SCV  
  54  4:36  Medivac  
  54  4:38  Marine  
  58  4:39  Factory Reactor, Orbital Command  
  58  4:40  Medivac  
  58  4:43  Engineering Bay  
  58  4:44  Engineering Bay, SCV x2  
  62  4:45  Supply Depot  
  62  4:52  Barracks, Marine  
  62  4:53  Marine  
  62  4:55  Refinery  
  62  4:59  SCV x2  
  66  5:04  Marine  
  66  5:06  SCV  
  68  5:08  Supply Depot  
  68  5:09  Combat Shield  
  68  5:11  SCV x2  
  68  5:12  Marine  
  71  5:15  Refinery, Marine  
  71  5:17  Widow Mine  
  71  5:18  Widow Mine, SCV  
  77  5:23  SCV x2  
  77  5:24  Marine  
  77  5:25  Supply Depot  
  80  5:30  SCV, Marine  
  80  5:31  Terran Infantry Weapons Level 1  
  80  5:34  Marine  
  80  5:35  SCV x2  
  85  5:36  Supply Depot  
  85  5:40  Terran Infantry Armor Level 1  
  85  5:42  Barracks Reactor  
  85  5:44  Marine  
  85  5:45  SCV  
  85  5:49  Marine  
  84  5:51  SCV x2  
  84  5:52  Marine  
  87  5:57  Medivac, Barracks x2, SCV  
  87  6:00  Supply Depot  
  87  6:01  Medivac  
  87  6:02  Marine  
  93  6:04  SCV  
  93  6:06  SCV  
  93  6:07  Marine  
  93  6:09  SCV  
  97  6:14  Marine  
  97  6:16  Supply Depot  
  97  6:17  SCV  
  100  6:18  SCV  
  100  6:21  SCV, Marine x2  
  100  6:22  Marine  
  100  6:24  Supply Depot  
  104  6:26  Factory  
  104  6:27  Refinery, Marine  
  104  6:29  SCV  
  104  6:30  SCV  
  107  6:35  Widow Mine x2  
  107  6:38  Medivac x2, Marine  
  116  6:40  Marine  
  116  6:41  Marine  
  116  6:43  SCV  
  116  6:46  SCV  
  117  6:47  SCV  
  117  6:49  Marine  
  117  6:51  Marine  
  117  6:53  Barracks Reactor  
  120  6:55  SCV  
  120  6:56  Marine  
  120  6:58  Widow Mine x2  
  120  7:00  SCV  
  120  7:01  Supply Depot, SCV  
  128  7:02  Barracks Reactor  
  128  7:06  Marine x2  
  128  7:07  SCV  
  128  7:08  Marine  
  132  7:09  Marine  
  132  7:14  Marine  
  133  7:19  Widow Mine  
  133  7:21  Factory Tech Lab  
  130  7:24  Marine x2  
  130  7:26  Command Center  
  130  7:29  Missile Turret  
  132  7:30  Supply Depot  
  132  7:31  Marine x2  
  132  7:32  Marine  
  132  7:33  Refinery  
  132  7:35  Widow Mine  
  137  7:38  Armory  
  137  7:39  Medivac  
  139  7:45  Supply Depot, Marine  
  139  7:46  Supply Depot, Marine  
  141  7:52  Widow Mine x2, Marine  
  141  8:00  Marine x3  
  141  8:01  Missile Turret  
  141  8:02  Missile Turret  
  141  8:05  Medivac, Widow Mine  
  141  8:06  Marine x3  
  141  8:07  Marine  
  141  8:10  Marine  
  141  8:11  Marauder  
  150  8:18  Supply Depot  
  150  8:22  Bunker  
  150  8:24  Drilling Claws  
  150  8:25  Terran Infantry Armor Level 2, Terran Infantry Weapons Level 2  
  150  8:31  Widow Mine x2  
  154  8:35  Thor  
  154  8:39  Marine x2  
  160  8:48  Marine  
  160  8:49  Marauder  
  160  8:52  Widow Mine  
  160  8:53  Supply Depot, Widow Mine, Marine  
  163  9:03  Marine  
  163  9:05  Terran Vehicle And Ship Armor Level 1  
  163  9:07  Marine x3  
  163  9:09  Marine x2  
  163  9:10  Marauder  
  163  9:12  Marine x2  
  163  9:15  SCV  
  160  9:18  Thor  
  160  9:21  Widow Mine, Marine  
  163  9:25  Marine x2  
  163  9:27  Widow Mine, Marine x2  
  163  9:28  Marine  
  163  9:30  Marine  
  160  9:31  Marauder  
  160  9:34  SCV, Marine  
  160  9:35  SCV  
  160  9:36  SCV  
  148  9:42  Widow Mine  
  148  9:43  Planetary Fortress  
  148  9:45  Marine  
  142  9:48  SCV  
  142  9:52  Marine  
  145  9:53  Marauder  
  145  9:54  Marine x3  
  145  9:55  Marine  
  145  9:56  Widow Mine  
  145  9:57  Medivac, Marine x2  
  145  9:59  SCV  
  145  10:00  SCV  
  145  10:01  Thor  
  145  10:03  Marine  
  145  10:05  SCV  
  154  10:10  Marine  
  154  10:11  Missile Turret  
  154  10:12  Marine  
  154  10:15  Widow Mine, Marine x2  
  154  10:17  Marauder  
  160  10:22  Barracks, SCV  
  160  10:23  Barracks, SCV x2  
  160  10:24  SCV  
  160  10:25  Barracks  
  164  10:28  Marine  
  164  10:34  Medivac, SCV  
  168  10:36  Widow Mine, SCV, Marine  
  168  10:39  Marine x3  
  168  10:41  SCV  
  176  10:44  Marauder  
  178  10:50  Supply Depot x2  
  178  10:51  Thor  
  178  10:52  Widow Mine  
  178  10:56  Sensor Tower  
  186  10:57  Marine x3  
  186  11:01  Command Center  
  186  11:02  Marine  
  186  11:03  SCV, Marine x2  
  188  11:05  Marine  
  188  11:08  Widow Mine, Marine  
  188  11:09  SCV, Marine  
  188  11:10  Medivac  
  184  11:12  Marauder  
  184  11:16  Barracks Tech Lab  
  184  11:17  SCV  
  176  11:19  SCV  
  176  11:21  SCV  
  176  11:23  SCV  
  164  11:26  Marine x2  
  164  11:29  SCV  
  165  11:34  Marauder, SCV x2  
  165  11:39  Terran Infantry Weapons Level 3  
  169  11:41  Marine  
  169  11:46  Terran Infantry Armor Level 3  
  170  11:51  SCV x2  
  170  11:52  Marauder, SCV, Marine  
  170  11:54  Widow Mine  
  176  11:56  Widow Mine x2  
  180  12:01  Marine  
  180  12:02  Marauder  
  180  12:07  Marine  
  184  12:13  Marine  
  184  12:14  Marauder  
  184  12:15  Widow Mine, Marine x2  
  177  12:17  Widow Mine x2, Marine  
  177  12:23  Marauder, SCV  
  177  12:25  Marine  
  177  12:28  Marine x2  
  173  12:30  Marine  
  173  12:33  Marine  
  173  12:35  Marauder  
  173  12:36  Widow Mine, Marine x2  
  181  12:39  Widow Mine x2, Marine  
  177  12:44  Marauder  
  178  12:52  Marine x2  
  178  12:56  Marauder  
  178  12:58  Widow Mine  
  180  13:00  Widow Mine x2  
  180  13:03  Command Center  
  180  13:05  Marine x2  
  179  13:06  Marauder  
  179  13:09  Marine  
  179  13:12  Marine  
  179  13:14  Marine x4  
  179  13:18  Marauder  
  179  13:19  Widow Mine  
  183  13:20  Medivac  
  183  13:21  Widow Mine  
  183  13:22  Widow Mine  
  183  13:23  Barracks Tech Lab  
  183  13:24  Medivac, Barracks Tech Lab  
  183  13:25  Terran Vehicle And Ship Armor Level 2  
  190  13:27  Marauder, Marine  
  192  13:39  Marauder  
  192  13:40  Widow Mine  
  194  13:43  Marauder x2, Widow Mine  
  194  13:46  Marine  
  194  13:48  Marine  
  197  13:49  Marauder  
  197  13:50  Marine  
  197  13:55  SCV x2  
  195  13:57  Widow Mine  
  195  13:59  Marine  
  195  14:00  SCV  
  195  14:01  Marauder  
  195  14:02  Widow Mine  
  199  14:04  Marine  
  200  14:15  Widow Mine  
  200  14:16  Command Center  
  200  14:17  Missile Turret, Marauder  
  200  14:25  Missile Turret, SCV x2  
  200  14:27  Missile Turret  
  200  14:28  Missile Turret  
  200  14:34  Medivac  
  200  14:37  Marauder x2  
  198  14:38  Marauder  
  198  14:40  Widow Mine, Marine  
  198  14:41  Marauder  
  155  14:47  Widow Mine, Marine x2  
  149  14:54  Thor  
  149  14:58  Marauder x2  
  152  15:00  Marauder, Marine x2  
  152  15:01  Widow Mine  
  152  15:02  Marauder, SCV  
  152  15:03  SCV x2  
  152  15:04  Marine x2  
  152  15:05  SCV  
  162  15:14  SCV  
  162  15:15  SCV x2  
  162  15:18  Widow Mine, SCV  
  162  15:20  Marauder x2  
  174  15:21  Marauder  
  174  15:23  Widow Mine  
  174  15:24  Marauder  
  178  15:33  Marine x2  
  180  15:38  Missile Turret x2, Widow Mine  
  180  15:39  Widow Mine  
  180  15:41  Marauder  
  180  15:42  Marauder  
  187  15:44  Widow Mine  
  187  15:47  Marauder  
  187  15:48  Marine  
  188  15:50  Medivac  
  188  15:55  Missile Turret  
  186  15:57  Planetary Fortress  
  186  15:59  Marauder, Widow Mine  
  186  16:03  Medivac  
  190  16:15  Marauder  
  190  16:16  Marauder x2, Marine x2  
  188  16:21  Marauder  
  190  16:27  Marine x3  
  190  16:31  Widow Mine  
  191  16:36  Marauder, Widow Mine  
  191  16:37  Marauder x2  
  186  16:40  Marine  
  186  16:41  Marine  
  186  16:42  Marauder, Marine  
  186  16:46  Widow Mine  
  185  16:50  Supply Depot  
  185  16:51  Supply Depot  
  185  16:53  Supply Depot  
  176  16:54  Marine  
  176  16:55  Marine x4  
  176  16:57  SCV  
  176  16:58  Widow Mine  
  176  17:00  SCV  
  176  17:01  Marauder x2, SCV x2, Marine  
  171  17:05  Widow Mine  
  171  17:06  SCV, Marine  
  168  17:09  Widow Mine  
  168  17:11  Marine  
  166  17:15  Missile Turret  
  166  17:18  SCV  
  166  17:19  Widow Mine  
  166  17:21  Marine  
  162  17:23  SCV, Marine  
  162  17:24  SCV  
  162  17:26  Widow Mine  
  167  17:30  Marine  
  167  17:31  Widow Mine  
  167  17:32  Marine x3  
  173  17:40  Widow Mine  
  173  17:41  Marauder x3  
  173  17:42  Marine x3  
  184  17:46  Refinery  
  184  17:53  Marauder, Refinery  
  182  18:03  Marauder  
  173  18:09  Marine  
  173  18:12  Widow Mine  
  155  18:15  Marine x2  
  155  18:16  Marine x2  
  155  18:18  Marine  
  130  18:24  Marine x4  
  130  18:25  Marine x2  
  130  18:26  Marine  
  130  18:27  Refinery  
  133  18:28  Refinery  
  133  18:33  Marine x2  
  134  18:37  Widow Mine  
  134  18:45  Marine  
  134  18:46  Marine x2  
  137  18:49  Orbital Command  
  137  18:50  Marine  
  137  18:54  Marine x8  
  145  19:03  Marine x3  
  145  19:08  SCV  
  150  19:10  SCV  
  150  19:12  Marauder x2  
  150  19:13  Missile Turret x2  
  150  19:16  SCV  
  155  19:20  Marine  
  154  19:30  Medivac  
  156  19:35  Marauder  
  158  19:42  SCV x3  
  122  19:54  SCV x2  
Show
View Real Time Build Order
Export as new Build Order

Solar Zerg - Winner!

Build Orders: Hatch First, Muta Ling Bane 

Get SALT Encoding   

  12  0:00  Drone  
  13  0:13  Overlord  
  13  0:17  Drone  
  14  0:31  Drone  
  14  0:32  Drone  
  16  0:47  Hatchery  
  15  0:52  Drone  
  15  0:54  Drone  
  17  0:58  Drone  
  18  1:08  Extractor  
  17  1:13  Spawning Pool  
  17  1:15  Drone  
  17  1:19  Drone  
  18  1:29  Drone  
  19  1:40  Drone  
  20  1:52  Drone  
  21  2:00  Queen x2  
  25  2:01  Zergling x4  
  27  2:10  Overlord  
  27  2:12  Drone  
  28  2:20  Hatchery  
  27  2:23  Drone  
  28  2:30  Drone  
  28  2:35  Queen  
  31  2:39  Metabolic Boost  
  31  2:42  Drone  
  32  2:47  Overlord  
  32  2:52  Drone  
  32  2:54  Drone  
  32  2:57  Drone  
  32  2:58  Drone  
  35  3:07  Drone x2  
  35  3:09  Drone x2  
  39  3:13  Pneumatized Carapace  
  39  3:16  Drone  
  40  3:20  Queen  
  40  3:26  Overlord  
  42  3:27  Drone  
  42  3:33  Queen  
  45  3:35  Drone x2  
  45  3:39  Zergling x4  
  49  3:44  Overlord  
  49  3:46  Drone x3  
  49  3:48  Drone  
  53  3:50  Drone  
  53  3:51  Zergling x2  
  53  3:54  Drone  
  56  4:01  Overlord  
  56  4:02  Queen  
  58  4:03  Drone  
  58  4:05  Drone  
  58  4:06  Drone  
  58  4:08  Drone x2  
  63  4:11  Drone  
  63  4:12  Drone  
  63  4:14  Extractor  
  63  4:15  Overlord  
  64  4:21  Drone x3  
  67  4:24  Evolution Chamber  
  67  4:25  Evolution Chamber  
  67  4:28  Drone x3  
  68  4:33  Drone x3  
  68  4:36  Overlord  
  68  4:37  Drone x2  
  73  4:42  Drone  
  73  4:43  Drone x3  
  73  4:44  Extractor  
  76  4:47  Queen  
  76  4:49  Overlord  
  78  4:53  Zerg Ground Armor Level 1  
  78  4:56  Drone x2  
  78  4:57  Zergling x4  
  82  5:00  Zergling x6  
  82  5:04  Lair  
  82  5:06  Baneling Nest  
  84  5:09  Zergling x2, Extractor  
  84  5:10  Extractor  
  84  5:12  Zergling x8  
  84  5:13  Zergling x2  
  88  5:17  Zergling x2  
  88  5:18  Zergling x4  
  88  5:20  Overlord  
  88  5:21  Zergling x4  
  93  5:23  Drone  
  93  5:24  Drone  
  95  5:30  Zergling x2  
  95  5:33  Drone  
  95  5:35  Overlord  
  97  5:38  Overlord  
  97  5:43  Zergling x2  
  97  5:47  Zergling x6  
  97  5:48  Zergling x2  
  98  5:51  Drone x4  
  98  5:52  Hatchery  
  98  5:54  Drone  
  98  5:55  Extractor, Drone  
  98  5:56  Drone  
  103  5:58  Zergling x2  
  103  6:00  Zergling x4  
  103  6:04  Overseer, Baneling x12  
  106  6:08  Centrifical Hooks  
  106  6:12  Zergling x2, Spire  
  106  6:14  Zergling x4  
  106  6:17  Overseer  
  107  6:19  Zergling x2  
  107  6:21  Overlord  
  107  6:22  Overlord  
  107  6:25  Zergling x6  
  111  6:26  Zergling x2  
  111  6:27  Zergling x2  
  111  6:28  Zergling x2  
  111  6:31  Drone x3  
  118  6:32  Drone  
  118  6:39  Overlord x2  
  118  6:45  Drone  
  118  6:47  Overlord  
  116  6:48  Zerg Ground Armor Level 2  
  116  6:49  Zerg Melee Weapons Level 1  
  116  6:50  Drone  
  116  6:54  Zergling x2, Extractor  
  115  6:56  Drone  
  115  7:01  Zergling x2  
  118  7:05  Zergling x2  
  118  7:06  Zergling x18  
  118  7:07  Baneling x3  
  117  7:16  Zergling x2  
  117  7:17  Zergling x6  
  119  7:22  Queen  
  119  7:24  Mutalisk x2  
  119  7:26  Mutalisk  
  127  7:30  Mutalisk x5  
  127  7:33  Drone x3  
  127  7:34  Zerg Flyer Weapons Level 1  
  127  7:36  Baneling x2  
  140  7:39  Zergling x6  
  139  7:49  Mutalisk x2  
  141  7:51  Zergling x2  
  141  7:52  Zergling x2  
  136  8:00  Mutalisk x2  
  136  8:02  Drone x10  
  149  8:06  Baneling  
  149  8:08  Overlord  
  149  8:09  Zergling x2  
  150  8:16  Zergling x4  
  148  8:22  Mutalisk x3  
  153  8:28  Drone  
  153  8:29  Extractor, Infestation Pit  
  153  8:31  Zergling x6  
  155  8:35  Zergling x18  
  155  8:37  Baneling x12  
  155  8:39  Overseer  
  160  8:43  Zergling x4  
  160  8:45  Hatchery  
  160  8:47  Zergling x4  
  161  8:49  Zergling x2  
  161  8:51  Overlord  
  162  8:59  Zergling x6  
  162  9:00  Baneling x5  
  162  9:01  Zergling x2, Baneling x3  
  164  9:05  Zergling x18  
  163  9:12  Zergling x8  
  163  9:13  Queen  
  163  9:16  Zerg Melee Weapons Level 2  
  153  9:21  Mutalisk x2, Baneling x7  
  153  9:29  Zergling x10  
  151  9:35  Mutalisk x4  
  151  9:37  Zergling x10  
  155  9:40  Zergling x2  
  155  9:42  Drone  
  155  9:44  Hive  
  155  9:50  Zergling x6  
  155  9:52  Baneling x3  
  158  9:53  Drone  
  158  9:57  Drone  
  158  9:58  Drone x2  
  158  9:59  Drone  
  163  10:00  Drone x3  
  163  10:02  Drone  
  163  10:03  Queen  
  167  10:07  Baneling x3  
  167  10:08  Baneling x3  
  167  10:09  Drone x2  
  167  10:11  Overlord  
  167  10:13  Baneling x11  
  169  10:17  Spore Crawler  
  169  10:19  Drone  
  169  10:20  Zergling x2  
  169  10:21  Zergling x16  
  178  10:24  Baneling x4  
  178  10:25  Baneling  
  178  10:26  Zerg Flyer Weapons Level 2  
  178  10:29  Overlord, Hatchery  
  178  10:30  Zergling x10  
  178  10:32  Zergling x4  
  184  10:41  Drone  
  184  10:42  Spore Crawler  
  184  10:44  Zergling x2  
  184  10:45  Zergling x10  
  184  10:46  Overlord  
  184  10:47  Baneling x10  
  190  10:51  Zergling x2  
  190  10:52  Zergling x8  
  196  10:57  Zerg Ground Armor Level 3  
  191  11:04  Zergling x12  
  191  11:06  Zergling x6, Hatchery  
  194  11:11  Zergling x10  
  194  11:16  Zergling x10  
  190  11:21  Zergling x2  
  190  11:22  Zergling x4  
  183  11:26  Mutalisk x5  
  183  11:29  Ultralisk Cavern  
  188  11:37  Zergling x8  
  192  11:48  Zergling x2  
  192  11:49  Zergling x10  
  192  11:51  Zergling x4  
  200  12:03  Baneling x5  
  200  12:04  Zerg Melee Weapons Level 3  
  189  12:09  Zergling x20  
  189  12:15  Zergling x14  
  194  12:19  Zergling x6, Ultralisk, Chitinous Plating  
  194  12:21  Baneling x2  
  197  12:29  Ultralisk  
  195  12:30  Zergling x10  
  195  12:34  Baneling x6  
  195  12:35  Baneling  
  195  12:40  Zergling x4, Ultralisk  
  195  12:42  Zergling x2  
  199  12:47  Baneling x6  
  199  12:49  Zergling x4  
  198  12:52  Zergling x4  
  198  12:56  Hatchery  
  198  12:59  Baneling x8  
  198  13:00  Baneling  
  198  13:01  Zergling x2  
  198  13:02  Zergling x10  
  199  13:05  Zergling x2  
  198  13:14  Zergling x6  
  198  13:16  Zergling x6  
  198  13:17  Zergling x14  
  194  13:21  Zergling x2  
  194  13:22  Baneling  
  194  13:23  Baneling x5, Overseer  
  193  13:28  Zergling x8  
  196  13:38  Anabolic Synthesis  
  196  13:41  Baneling x10  
  196  13:42  Overseer  
  196  13:45  Zergling x2  
  196  13:46  Zergling x4  
  196  13:48  Overlord  
  197  13:51  Zergling x16  
  197  13:53  Zergling x8  
  197  14:00  Zergling x2  
  197  14:08  Zergling x4  
  197  14:13  Zergling x8  
  199  14:21  Zergling x6  
  200  14:25  Baneling  
  200  14:26  Baneling x13  
  199  14:34  Zergling x2  
  199  14:35  Zergling x30  
  173  14:46  Zergling x4, Ultralisk x2  
  173  14:49  Overlord x2  
  173  14:51  Overlord  
  174  14:55  Overlord x3  
  174  14:56  Overlord x2  
  174  14:59  Overlord  
  167  15:00  Overlord  
  167  15:02  Overlord x2  
  167  15:05  Zergling x8, Overseer  
  165  15:07  Mutalisk x3, Baneling x14  
  165  15:10  Zergling x4, Ultralisk  
  175  15:17  Overseer x4  
  175  15:18  Baneling x4  
  175  15:21  Zergling x6  
  175  15:26  Zergling x10  
  175  15:27  Hatchery  
  174  15:29  Overseer  
  174  15:30  Zergling x6  
  174  15:32  Hatchery  
  174  15:35  Zergling x8  
  177  15:38  Zergling x2  
  177  15:39  Zergling x16  
  177  15:42  Mutalisk x2  
  190  15:46  Baneling x9  
  178  15:51  Drone x5  
  178  15:52  Drone  
  178  15:56  Zergling x4, Baneling x5  
  186  16:00  Zergling x4  
  187  16:09  Zergling x12  
  192  16:16  Baneling x2  
  192  16:17  Zergling x10  
  191  16:19  Ultralisk  
  191  16:21  Baneling x2  
  191  16:22  Zergling x4, Baneling  
  199  16:27  Drone  
  194  16:33  Zergling x4  
  194  16:34  Zergling x4  
  194  16:38  Ultralisk  
  194  16:39  Baneling x3  
  190  16:41  Zergling x6, Hatchery  
  190  16:46  Zergling x10  
  191  16:50  Baneling x4  
  191  16:51  Zergling x4  
  182  16:56  Zergling x4  
  179  17:01  Ultralisk  
  179  17:04  Zergling x6  
  179  17:06  Zergling x4  
  167  17:14  Baneling x5  
  169  17:15  Ultralisk  
  169  17:16  Zergling x10  
  161  17:23  Zergling x8  
  161  17:26  Baneling x4  
  164  17:31  Zergling x10  
  164  17:33  Baneling x7  
  164  17:35  Ultralisk  
  175  17:38  Zergling x4  
  177  17:45  Zergling x2  
  177  17:46  Zergling x6  
  175  18:00  Mutalisk x8  
  186  18:07  Zergling x8  
  180  18:16  Zergling x10  
  175  18:24  Zergling x2  
  175  18:25  Zergling x8  
  161  18:29  Hatchery  
  161  18:31  Baneling x6  
  161  18:32  Baneling  
  161  18:33  Baneling x2  
  160  18:34  Baneling  
  160  18:37  Zergling x2  
  160  18:38  Zergling x2  
  160  18:41  Zergling x4  
  163  18:43  Zergling x2  
  163  18:44  Baneling x2  
  163  18:47  Baneling x3  
  164  18:49  Zergling x2  
  164  18:52  Zergling x4  
  167  18:59  Zergling x4  
  169  19:10  Zergling x14  
  169  19:12  Baneling x2  
  169  19:14  Baneling x15  
  168  19:29  Hatchery  
  168  19:30  Zergling x6  
  170  19:35  Zergling x2  
  171  19:38  Zergling x2  
  171  19:41  Zergling x4  
  171  19:42  Zergling x4  
  170  19:48  Zergling x2  
  170  19:49  Zergling x6  
  146  19:54  Zergling x2  
Tags
 
Add a new tag
Caveats
  • Supply blocks, unpowered buildings, or Contaminate may cause inaccurate times.
  • Supply counts are checked every 10 seconds.